AoeStats
← SeemsFishy

Lombardia

507098328Analyzed
4v4 RM · 16d ago on Sep 16, 2026· 47m 43s· 8 players
Game mode
Random Map
Map size
Large (8 player)
Population
200
Speed
Normal
Resources
Standard
Victory
Conquest
Starting age
Dark Age
Ending age
Imperial Age
RankedLock teamsTeams togetherTeam positionsShared explorationLock speedFull tech treeHidden civsTurbo modeCheats
Victory
Defeat
🇨🇳 Shu · China
1546
+10
🇨🇳 Italians · China
1409
+15
🇨🇳 Spanish · China
1346
+17
🇧🇷 Hindustanis · Brazil
1312
+18
🇳🇱 Khitans · Netherlands
1434
-17
🇬🇧 Poles · United Kingdom
1383
-15
🇲🇽 Malians · Mexico
1382
-15
🇹🇷 Malay · Türkiye
1340
-13
Rien
9:51 Loom
11:39 Feudal Age
16:13 Castle Age
15:30 Double-Bit Axe
17:07 Scale Barding Armor
17:12 Forging
18:19 Domestication
20:31 Town Watch
21:04 Bow Saw
22:39 Forging
23:27 Husbandry
24:27 Wheelbarrow
24:07 Pastoralism
26:20 Chain Barding Armor
26:17 Gold Mining
28:31 Hand Cart
29:54 Iron Casting
33:52 Fletching
34:04 Padded Archer Armor
34:45 Bodkin Arrow
34:43 Crossbowman
34:45 Elite Skirmisher
35:31 Thumb Ring
36:09 Leather Archer Armor
37:06 Lamellar Armor
38:19 Ballistics
43:54 Imperial Age
SeemsFishy
9:43 Feudal Age
10:21 Feudal Age
9:55 Loom
11:11 Double-Bit Axe
15:17 Castle Age
14:12 Horse Collar
16:08 Scale Barding Armor
16:22 Bow Saw
18:15 Heavy Plow
20:12 Husbandry
27:23 Gold Mining
27:51 Bloodlines
27:58 Stone Mining
28:53 Wheelbarrow
30:38 Stone Shaft Mining
34:39 Imperial Age
32:57 Szlachta Privileges
33:53 Hand Cart
35:12 Chain Barding Armor
35:03 Forging
35:14 Cavalier
Lord Yarik
7:26 Loom
9:51 Feudal Age
10:32 Double-Bit Axe
10:51 Horse Collar
22:27 Castle Age
21:28 Bloodlines
21:28 Scale Barding Armor
23:27 Husbandry
23:42 Bow Saw
24:14 Chain Barding Armor
24:03 Heavy Plow
27:59 Forging
29:22 Wheelbarrow
29:50 Iron Casting
30:34 Gold Mining
31:06 Town Watch
34:16 Stone Mining
39:08 Imperial Age
37:22 Light Cavalry
38:46 Fletching
39:59 Farimba
40:51 Plate Barding Armor
40:50 Hand Cart
42:06 Hoardings
41:15 Heavy Camel Rider
mavs412011
11:04 Feudal Age
16:22 Castle Age
14:32 Double-Bit Axe
14:52 Horse Collar
15:49 Gold Mining
16:21 Fletching
17:37 Loom
17:30 Crossbowman
22:01 Wheelbarrow
25:50 Town Watch
30:09 Padded Archer Armor
30:12 Bodkin Arrow
30:46 Stone Mining
32:29 Bow Saw
33:13 Leather Archer Armor
39:03 Imperial Age
37:29 Ballistics
37:18 Thumb Ring
37:54 Heavy Plow
39:14 Gold Shaft Mining
39:14 Stone Shaft Mining
38:09 Arbalester
39:39 Hand Cart
41:24 Chemistry
40:36 Bracer
41:56 Conscription
42:17 Ring Archer Armor
42:33 Crop Rotation
41:47 Elite Skirmisher
44:32 Scale Barding Armor
44:38 Forging
45:25 Masonry
93老玩家回归
11:19 Feudal Age
15:33 Castle Age
13:46 Double-Bit Axe
14:06 Horse Collar
16:48 Bow Saw
22:55 Loom
23:57 Wheelbarrow
25:13 Heavy Plow
25:38 Stone Mining
25:40 Gold Mining
30:18 Imperial Age
27:34 Town Watch
28:25 Hand Cart
31:14 Stone Shaft Mining
31:09 Fletching
31:20 Padded Archer Armor
31:25 Scale Barding Armor
31:31 Forging
32:20 Husbandry
32:30 Bloodlines
33:03 Conscription
33:05 Supremacy
32:06 Elite Conquistador
34:20 Leather Archer Armor
34:00 Bodkin Arrow
34:26 Chain Barding Armor
34:41 Iron Casting
35:36 Masonry
35:48 Ballistics
35:24 Murder Holes
36:48 Bracer
37:18 Ring Archer Armor
37:24 Plate Barding Armor
40:34 Chemistry
40:05 Architecture
41:59 Blast Furnace
畅销猪
8:51 Loom
10:56 Feudal Age
9:13 Loom
14:52 Castle Age
13:19 Double-Bit Axe
13:40 Fletching
13:39 Horse Collar
16:45 Bodkin Arrow
23:02 Ballistics
22:46 Padded Archer Armor
26:14 Bow Saw
28:18 Wheelbarrow
30:20 Leather Archer Armor
32:38 Imperial Age
30:25 Gold Mining
31:05 Thumb Ring
31:17 Husbandry
32:12 Leather Archer Armor
31:57 Stone Mining
32:43 Gold Shaft Mining
33:21 Bracer
34:23 Chemistry
34:57 Ring Archer Armor
35:08 Heavy Cavalry Archer
37:25 Scale Barding Armor
43:11 Scale Barding Armor
43:10 Scale Mail Armor
43:20 Forging
45:09 Siege Engineers
45:07 Crossbowman
46:04 Chain Mail Armor
46:00 Arbalester
柠檬头的喜悦
8:34 Feudal Age
9:18 Loom
9:29 Double-Bit Axe
10:11 Town Watch
15:51 Forging
16:00 Bloodlines
16:44 Scale Barding Armor
18:08 Horse Collar
21:36 Castle Age
19:55 Gold Mining
23:17 Bow Saw
23:55 Wheelbarrow
23:32 Husbandry
23:38 Fletching
24:18 Bodkin Arrow
26:13 Thumb Ring
29:02 Padded Archer Armor
31:06 Ballistics
31:27 Hand Cart
31:16 Heavy Plow
31:50 Leather Archer Armor
35:47 Imperial Age
37:04 Ring Archer Armor
36:37 Bracer
37:40 Chemistry
37:57 Two-Man Saw
39:46 Ring Archer Armor
39:26 Stone Mining
41:07 Stone Shaft Mining
40:40 Light Cavalry
41:46 Chain Barding Armor
42:03 Iron Casting
41:33 Hussar
42:51 Crop Rotation
42:37 Guilds
42:57 Coinage
43:37 Plate Barding Armor
45:08 Blast Furnace
45:31 Conscription
45:40 Silk Road
Dance with Ghost
8:17 Feudal Age
8:55 Double-Bit Axe
8:53 Horse Collar
10:40 Horse Collar
11:09 Loom
16:09 Forging
20:25 Castle Age
20:05 Scale Barding Armor
21:15 Bloodlines
20:47 Light Cavalry
25:24 Chain Barding Armor
28:57 Wheelbarrow
29:16 Gold Mining
29:58 Husbandry
33:19 Gold Shaft Mining
37:52 Imperial Age
36:42 Hand Cart
37:06 Iron Casting
37:48 Stone Mining
38:17 Heavy Camel Rider
39:41 Plate Barding Armor
40:06 Blast Furnace
40:40 Heavy Plow
40:38 Town Watch
41:45 Imperial Camel Rider
44:06 Town Patrol
44:18 Siege Engineers
44:34 Ballistics
45:14 Chemistry
44:35 Fletching
44:45 Padded Archer Armor
44:57 Grand Trunk Road
Connection lost

Rejoining the realm…

Still unreachable

The connection could not be restored.

Session expired

The server has moved on; the page needs a fresh start.